 Dungeon Crawl Stone Soup version 0.30.0-10-gfe55d96785 (webtiles) character file.

Game seed: 17582307398343769642

2262 qw the Cleaver (level 9, -6/55 HPs)
             Began as a Gargoyle Cinder Acolyte on May 18, 2023.
             Was an Elder of Ignis.
             Engulfed by a cloud of freezing vapour (18 damage)
             ... on level 7 of the Dungeon.
             The game lasted 00:03:50 (6060 turns).

qw the Cleaver (Gargoyle Cinder Acolyte)            Turns: 6060, Time: 00:03:51

Health: -6/55      AC: 23    Str: 22    XL:     9   Next: 38%
Magic:  10/10      EV: 11    Int: 15    God:    Ignis [****..]
Gold:   118        SH:  5    Dex:  5    Spells: 10/10 levels left

rFire   + . .        Y - -1 hand axe (flame)
rCold   . . .        (no shield)
rNeg    + . .        k - +0 plate armour
rPois   inf          o - +2 helmet
rElec   +            (no cloak)
rCorr   .            (no gloves)
SInv    .            e - +0 pair of boots
Will    +....        s - amulet of reflection Stlth
                     b - ring of willpower
HPRegen 0.29/turn    d - +5 ring of evasion
MPRegen 0.12/turn

%: reflection
@: no status effects
A: sickness immunity, AC +6, negative energy resistance 1, electricity
resistance, torment resistance 1, petrification resistance
a: Renounce Religion, Fiery Armour, Foxfire Swarm, Rising Flame


You were on level 7 of the Dungeon.
You worshipped Ignis.
Ignis was greatly pleased with you.
You visited 1 branch of the dungeon, and saw 7 of its levels.

You collected 438 gold pieces.
You spent 320 gold pieces at shops.


Innate Abilities, Weirdness & Mutations

You are immune to sickness and miasma.
Your stone body is resilient. (AC +6)
You are immune to poison.
You resist negative energy. (rN+)
You are resistant to electric shocks. (rElec)
You are resistant to unholy torment.
You are immune to petrification.


   Skills:
 - Level 6.2 Fighting
 - Level 9.1 Axes
 - Level 2.3 Throwing
 + Level 5.6 Armour
 - Level 1.0 Spellcasting
 - Level 3.0 Fire Magic


You had 10 spell levels left.
You didn't know any spells.
Your spell library contained the following spells:

 Spells                   Type           Power      Damage    Failure   Level
 Scorch                   Fire           18%        2d6       90%         2

Inventory:

Hand Weapons
 Y - a -1 hand axe of flaming (weapon)
Missiles
 f - 14 boomerangs
 i - a javelin (quivered)
Armour
 e - a +0 pair of boots (worn)
 k - a +0 plate armour (worn)
 o - a +2 helmet (worn)
Jewellery
 a - a ring of ice
 b - a ring of willpower (left hand)
 d - a +5 ring of evasion (right hand)
 s - an amulet of reflection (around neck)
Scrolls
 h - a scroll of identify
 m - a scroll of teleportation
Potions
 c - 2 potions of mutation
 j - 5 potions of might
 l - 4 potions of curing
 n - a potion of resistance
 r - 2 potions of haste

Dungeon Overview and Level Annotations

Branches:
Dungeon (7/15)             Temple (0/1) D:6

Altars:
Elyvilon
Gozag
Okawaru
Uskayaw

Shops:
D:5 !   D:6 *


Message History

Lua error: [string "/dgldir/rcfiles/crawl-bot-0.30/qwlua.rc"]:3696: Error in coroutine: [string "/dgldir/rcfiles/crawl-bot-0.30/qwlua.rc"]:9817: No plan function for move_towards_safe_unexplored Welcome back, qw the Gargoyle Cinder Acolyte.
The flames of Ignis gently warm you.
Press ? for a list of commands and other information.
Options error: Missing colour in message_colour setting: 'then'
Enter note:
Enter note:
Enter note:
Enter note:
Enter note:
Enter note:
Enter note:
Enter note:
Enter note:
Enter note:
Enter note:
Enter note:
6049 ||| PLANNING D:1-11
Enter note:
Enter note:
Enter note:
Enter note:
Enter note:
Enter note: Options error: Missing colour in message_colour setting: 'then'
(D) Dungeon (T) Temple
Where to? (* - list waypoints, ? - help)
What level of the Dungeon? (default 1, ? - help) Sorry, I don't know how to get there.
Really walk into a travel-excluded area?
You are engulfed in freezing vapours.
You are engulfed in freezing vapours.
Ouch! That really hurt!
You are engulfed in freezing vapours.
You are engulfed in freezing vapours.
You are engulfed in freezing vapours.
You are engulfed in freezing vapours.
You are engulfed in freezing vapours.
You are engulfed in freezing vapours.
You die...

#...#########)##.# #... #.###
#....# #.## #.# ###.###### #..
#.# #......######.#
###.##################.##....
###'##################..#.#####
##...........0000000.##........
####################.###..#####
##!...00000000@......####.# #..
####################### #.###.#
####################### #..##.#
##..... ###... #... #... #...
#...


There were no monsters in sight!

Vanquished Creatures
  A komodo dragon (D:7)
  Sigmund (D:2)
  A steam dragon (D:7)
  5 water moccasins
  3 black bears
  A phantom (D:5)
  A kobold brigand (D:7)
  Blork the orc (D:5)
  3 scorpions
  4 hounds
  2 iguanas
  An orc wizard (D:7)
  6 gnolls (D:3)
  12 adders
  3 shadow imps
  2 white imps (D:7)
  An ufetubus (D:4)
  2 dart slugs
  4 worms
  6 orcs
  7 endoplasms
  4 giant cockroaches
  12 goblins
  8 hobgoblins
  3 jackals (D:2)
  5 quokkas
  5 ball pythons
  10 bats
  4 frilled lizards
  14 kobolds
  9 rats
141 creatures vanquished.

Notes
Turn   | Place    | Note
-------+----------+-------------------------------------------
     0 | D:1      | qw the Gargoyle Cinder Acolyte began the quest for the Orb.
     0 | D:1      | Reached XP level 1. HP: 14/14 MP: 2/2
     0 | D:1      | 0 ||| qw: Version: 0.2-a-95-g916cea5
     0 | D:1      | 0 ||| qw: Game counter: 195
     0 | D:1      | 0 ||| qw: Always use a shield: true
     0 | D:1      | 0 ||| qw: God list: Okawaru
     0 | D:1      | 0 ||| qw: Allow faded altars: false
     0 | D:1      | 0 ||| qw: Do Orc after D:15 true
     0 | D:1      | 0 ||| qw: Do second Lair branch before Depths: true
     0 | D:1      | 0 ||| qw: Lair rune preference: random
     0 | D:1      | 0 ||| qw: Plans: Normal
     0 | D:1      | 0 ||| PLANNING D:1-11
    18 | D:1      | 18 ||| Stepping ~*~*~tactically~*~*~ (stealth).
    20 | D:1      | 20 ||| Stepping ~*~*~tactically~*~*~ (stealth).
    31 | D:1      | Reached skill level 3 in Axes
    37 | D:1      | 37 ||| INVOKING Fiery Armour.
   103 | D:1      | Reached XP level 2. HP: 19/19 MP: 3/3
   427 | D:1      | Reached skill level 1 in Throwing
   448 | D:1      | Reached XP level 3. HP: 23/23 MP: 4/4
   574 | D:1      | Found a faded altar of an unknown god.
   650 | D:1      | 650 ||| UPGRADING to +0 pair of boots.
   655 | D:1      | 655 ||| READING scroll labelled OLEDAH OZIWIEMP.
   656 | D:1      | 656 ||| READING scroll labelled VUXUUDA TINKITH.
   661 | D:1      | 661 ||| DRINKING 2 purple potions.
  1044 | D:2      | Reached skill level 4 in Axes
  1057 | D:2      | Reached XP level 4. HP: 24/28 MP: 5/5
  1139 | D:2      | 1139 ||| Stepping ~*~*~tactically~*~*~ (stealth).
  1174 | D:2      | 1174 ||| Stepping ~*~*~tactically~*~*~ (stealth).
  1175 | D:2      | 1175 ||| Stepping ~*~*~tactically~*~*~ (stealth).
  1182 | D:2      | 1182 ||| Stepping ~*~*~tactically~*~*~ (stealth).
  1183 | D:2      | 1183 ||| Stepping ~*~*~tactically~*~*~ (stealth).
  1213 | D:2      | Noticed Sigmund
  1230 | D:2      | Killed Sigmund
  1231 | D:2      | Reached skill level 5 in Axes
  1231 | D:2      | Reached XP level 5. HP: 19/32 MP: 6/6
  1231 | D:2      | Reached XP level 6. HP: 22/37 MP: 7/7
  1457 | D:2      | 1457 ||| Stepping ~*~*~tactically~*~*~ (stealth).
  2013 | D:2      | 2013 ||| UPGRADING to +0 plate armour.
  2023 | D:2      | 2023 ||| DROPPING +0 robe.
  2024 | D:2      | 2024 ||| DROPPING ring of wizardry.
  2025 | D:2      | 2025 ||| READING scroll labelled DALARU FORENK.
  2026 | D:2      | 2026 ||| READING 3 scrolls labelled IGEYRU BESE.
  2027 | D:2      | 2027 ||| READING scroll labelled TUADINNO CALA.
  2028 | D:2      | 2028 ||| DRINKING 2 lumpy yellow potions.
  2029 | D:2      | 2029 ||| DRINKING 2 puce potions.
  2030 | D:2      | 2030 ||| READING 2 scrolls of identify.
  2030 | D:2      | 2030 ||| IDENTIFYING fuming puce potion
  2031 | D:2      | 2031 ||| DROPPING potion of degeneration.
  2119 | D:3      | 2119 ||| Stepping ~*~*~tactically~*~*~ (stealth).
  2135 | D:3      | 2135 ||| Stepping ~*~*~tactically~*~*~ (stealth).
  2166 | D:3      | 2166 ||| Stepping ~*~*~tactically~*~*~ (stealth).
  2170 | D:3      | Reached skill level 1 in Armour
  2175 | D:3      | 2175 ||| Stepping ~*~*~tactically~*~*~ (stealth).
  2176 | D:3      | 2176 ||| Stepping ~*~*~tactically~*~*~ (stealth).
  2333 | D:3      | 2333 ||| Stepping ~*~*~tactically~*~*~ (stealth).
  2335 | D:3      | 2335 ||| INVOKING Fiery Armour.
  2418 | D:3      | 2418 ||| Stepping ~*~*~tactically~*~*~ (hiding).
  2552 | D:3      | You fall into a shaft and drop 3 floors!
  2595 | D:6      | Noticed a black bear
  2603 | D:6      | 2603 ||| INVOKING Fiery Armour.
  2603 | D:6      | Killed a black bear
  2604 | D:6      | Reached skill level 3 in Armour
  2604 | D:6      | Reached XP level 7. HP: 12/41 MP: 8/8
  2750 | D:6      | 2750 ||| UPGRADING to +0 helmet.
  2755 | D:6      | 2755 ||| UPGRADING to ring of willpower.
  2756 | D:6      | 2756 ||| UPGRADING to +5 ring of evasion.
  2762 | D:5      | Entered Level 5 of the Dungeon
  2871 | D:4      | Reached skill level 6 in Axes
  2881 | D:4      | 2881 ||| Stepping ~*~*~tactically~*~*~ (stealth).
  3109 | D:3      | 3109 ||| READING 3 scrolls of identify.
  3109 | D:3      | 3109 ||| IDENTIFYING bubbling amethyst potion
  3110 | D:3      | 3110 ||| READING 2 scrolls of identify.
  3110 | D:3      | 3110 ||| IDENTIFYING smoky inky potion
  3111 | D:3      | 3111 ||| DROPPING potion of lignification.
  3168 | D:4      | 3168 ||| Stepping ~*~*~tactically~*~*~ (stealth).
  3556 | D:4      | 3556 ||| Stepping ~*~*~tactically~*~*~ (stealth).
  3598 | D:4      | Found a hide-covered altar of Uskayaw.
  3706 | D:4      | 3706 ||| DROPPING ring of flight.
  3707 | D:4      | 3707 ||| READING 2 scrolls of identify.
  3707 | D:4      | 3707 ||| IDENTIFYING metallic green potion
  3928 | D:5      | 3928 ||| INVOKING Fiery Armour.
  4025 | D:5      | 4025 ||| READING scroll of enchant armour.
  4025 | D:5      | 4025 ||| ENCHANTING +0 helmet.
  4064 | D:5      | Reached skill level 7 in Axes
  4064 | D:5      | Reached XP level 8. HP: 43/48 MP: 9/9
  4196 | D:5      | Found Full's Distillery.
  4203 | D:5      | 4203 ||| BUYING 2 potions of curing (60 gold).
  4203 | D:5      | Bought 2 potions of curing for 60 gold pieces
  4203 | D:5      | 4203 ||| BUYING potion of haste (100 gold).
  4203 | D:5      | Bought a potion of haste for 100 gold pieces
  4203 | D:5      | 4203 ||| BUYING potion of might (40 gold).
  4203 | D:5      | Bought a potion of might for 40 gold pieces
  4203 | D:5      | 4203 ||| BUYING potion of might (40 gold).
  4203 | D:5      | Bought a potion of might for 40 gold pieces
  4203 | D:5      | 4203 ||| BUYING potion of mutation (80 gold).
  4203 | D:5      | Bought a potion of mutation for 80 gold pieces
  4231 | D:5      | Noticed Blork the orc
  4246 | D:5      | Killed Blork the orc
  4315 | D:5      | 4315 ||| READING scroll of enchant armour.
  4315 | D:5      | 4315 ||| ENCHANTING +1 helmet.
  4605 | D:5      | 4605 ||| READING scroll labelled ONYNIRESEA.
  4774 | D:6      | Found a staircase to the Ecumenical Temple.
  4816 | D:6      | Found Rihuf's Gadget Gallery.
  5105 | D:6      | Found a white marble altar of Elyvilon.
  5105 | D:6      | Found an iron altar of Okawaru.
  5309 | D:6      | 5309 ||| UPGRADING to amulet of reflection.
  5314 | D:6      | 5314 ||| READING scroll labelled MATUCI MOWKASM.
  5315 | D:6      | 5315 ||| DRINKING 2 metallic orange potions.
  5316 | D:6      | 5316 ||| DROPPING potion of brilliance.
  5396 | D:7      | Reached skill level 8 in Axes
  5397 | D:7      | 5397 ||| Stepping ~*~*~tactically~*~*~ (stealth).
  5398 | D:7      | 5398 ||| Stepping ~*~*~tactically~*~*~ (stealth).
  5425 | D:7      | 5425 ||| Stepping ~*~*~tactically~*~*~ (hiding).
  5458 | D:7      | 5458 ||| Stepping ~*~*~tactically~*~*~ (hiding).
  5459 | D:7      | 5459 ||| Stepping ~*~*~tactically~*~*~ (hiding).
  5526 | D:7      | 5526 ||| Stepping ~*~*~tactically~*~*~ (hiding).
  5581 | D:7      | Reached skill level 6 in Fighting
  5581 | D:7      | Reached XP level 9. HP: 55/55 MP: 10/10
  5587 | D:7      | Noticed a komodo dragon
  5604 | D:7      | Killed a komodo dragon
  5617 | D:7      | 5617 ||| Stepping ~*~*~tactically~*~*~ (stealth).
  5618 | D:7      | 5618 ||| Stepping ~*~*~tactically~*~*~ (stealth).
  5682 | D:7      | 5682 ||| Stepping ~*~*~tactically~*~*~ (hiding).
  5706 | D:7      | Reached skill level 9 in Axes
  5820 | D:7      | Found an opulent altar of Gozag.
  5961 | D:7      | HP: 7/55 [something (14)]
  5962 | D:7      | 5962 ||| DRINKING 3 potions of heal wounds.
  5979 | D:7      | HP: 8/55 [something (13)]
  5980 | D:7      | 5980 ||| DRINKING 2 potions of heal wounds.
  5982 | D:7      | 5982 ||| DRINKING potion of heal wounds.
  6047 | D:7      | 6047 ||| READING 2 scrolls of identify.
  6047 | D:7      | 6047 ||| IDENTIFYING fuming silvery potion
  6048 | D:7      | 6048 ||| DROPPING potion of magic.
  6049 | D:7      | 6049 ||| PLANNING D:1-11
  6057 | D:7      | HP: 12/55 [something (7)]
  6060 | D:7      | Engulfed by a cloud of freezing vapour

Levels and vault maps discovered:
D:1:      sevenhm_arrival_forest_fort_small_3, layout_rooms,
          shapermc_ecumenical_altar_mp_vishouse, dk_noncrumbling_3,
          minmay_misc_feat_encased
D:2:      minmay_thinvault, layout_basic, uniq_sigmund
D:3:      layout_rooms
D:4:      layout_basic, kennysheep_mini_moat
D:5:      layout_loops_ring, serial_shops, nicolae_shop_trees,
          wad_floor_pattern_2, uniq_blork_the_orc
D:6:      wander_river, layout_basic, gammafunk_temple_overflow_elements,
          minmay_temple_entry_enclosed_plants, nicolae_shop_gadgets
D:7:      lemuel_ice_spiral_2, layout_basic, grunt_gozag_breadcrumbs,
          kennysheep_little_box, lemuel_zombie_altar_yredelemnul

Skill      XL: |  1  2  3  4  5  6  7  8  9 |
---------------+----------------------------+-----
Axes           | 3 4 5 7 8 9 |  9.1
Throwing       | 1 2 |  2.3
Armour         | 3 4 5 |  5.6
Fighting       | 4 6 |  6.2
Spellcasting   | |  1.0
Fire Magic     | |  3.0

Action                     |  1- 3 |  4- 6 |  7- 9 || total
---------------------------+-------+-------+-------++-------
  Melee: Hand axe          |    82 |   125 |   397 ||   604
         Punch             |       |     1 |     5 ||     6
  Throw: Javelin           |    23 |    46 |    24 ||    93
         Boomerang         |       |     8 |    32 ||    40
 Invoke: Fiery Armour      |     1 |     2 |     1 ||     4
    Use: Scroll            |     2 |     4 |     8 ||    14
         Potion            |     1 |     2 |     4 ||     7
 Armour: Robe              |    38 |    25 |       ||    63
         Plate armour      |       |    51 |   247 ||   298
  Dodge: Dodged            |    50 |    52 |   197 ||   299
  Block: Other             |       |       |    17 ||    17

Table legend:
 A = Non-vault XP
 B = Vault XP
 C = Vault XP percentage of total XP
 D = Non-vault monster count
 E = Vault monster count
 F = Vault count percentage of total count
                 A         B        C        D         E       F
            +---------+---------+-------+---------+---------+-------
      Total |    2840 |     392 |  12.1 |     124 |      17 |  12.1
            +---------+---------+-------+---------+---------+-------
        D:1 |      35 |       0 |   0.0 |      22 |       0 |   0.0
        D:2 |      54 |     298 |  84.7 |      17 |      16 |  48.5
        D:3 |     146 |       0 |   0.0 |      30 |       0 |   0.0
        D:4 |     202 |       0 |   0.0 |      15 |       0 |   0.0
        D:5 |     573 |      94 |  14.1 |      12 |       1 |   7.7
        D:6 |     509 |       0 |   0.0 |       8 |       0 |   0.0
        D:7 |    1321 |       0 |   0.0 |      20 |       0 |   0.0
            +---------+---------+-------+---------+---------+-------
